 Dungeon Crawl Stone Soup version 0.29-a0-1009-g60c99734e7 (webtiles) character file.

Game seed: 2723071910692140644

17 heikuro the Shield-Bearer (level 2, -1/23 (24) HPs)
             Began as a Formicid Fighter on Aug 8, 2022.
             Frozen to death by an endoplasm (2 damage)
             ... on level 1 of the Dungeon.
             The game lasted 00:01:45 (393 turns).

heikuro the Shield-Bearer (Formicid Fighter)         Turns: 393, Time: 00:01:45

HP:   -1/23 (24)    AC:  6    Str: 20    XL:     2   Next: 80%
MP:   2/2           EV:  9    Int:  7    God:
Gold: 28            SH:  5    Dex: 13    Spells: 1/1 levels left

rFire   . . .      SeeInvis +   a - +0 long sword
rCold   . . .      Faith    .   c - +0 buckler
rNeg    . . .      Spirit   .   b - +0 scale mail
rPois   .          Reflect  .   (helmet unavailable)
rElec   .          Harm     .   (no cloak)
rCorr   .          Rampage  .   (no gloves)
Will    .....                   (no boots)
Stlth   ..........              (no amulet)
HPRegen 0.07/turn               (no ring)
MPRegen 0.08/turn               (no ring)

@: lightly drained
A: permanent stasis, dig shafts and tunnels, antennae 3, four strong arms
a: Dig, Shaft Self


You were on level 1 of the Dungeon.
You visited 1 branch of the dungeon, and saw 1 of its levels.

You collected 28 gold pieces.

Inventory:

Hand Weapons
 a - a +0 long sword (weapon)
Armour
 b - a +0 scale mail (worn)
 c - a +0 buckler (worn)
Scrolls
 f - a scroll of magic mapping {unknown}
Potions
 d - a potion of might
 e - a potion of flight {unknown}
 g - 2 potions of degeneration {unknown}


   Skills:
 + Level 3.5 Fighting
 + Level 2.2 Long Blades
 + Level 3.5 Armour
 + Level 4.3 Shields


You had one spell level left.
You didn't know any spells.
Your spell library was empty.

Dungeon Overview and Level Annotations

Branches:
Dungeon (1/15)

Altars:

Shops:
D:1 =


Innate Abilities, Weirdness & Mutations

You cannot be hasted, slowed, berserked, paralysed or teleported.
You can dig through walls and to a lower floor.
You have a pair of large antennae on your head. (SInv)
Your four strong arms can wield two-handed weapons with a shield.


Message History

The bat attacks as you move away! The bat hits you but does no damage.
You block the bat's attack. The bat hits you but does no damage.
The bat barely misses you. The bat attacks as you move away!
The bat hits you but does no damage. You block the bat's attack.
The bat hits you.
* * * LOW HITPOINT WARNING * * *
You block the bat's attack.
You hit the bat but do no damage. The bat hits you but does no damage.
The bat barely misses you.
You closely miss the bat. You block the bat's attack.
The bat barely misses you.
You hit the bat.
The bat is heavily wounded.
The bat closely misses you. The bat hits you.
* * * LOW HITPOINT WARNING * * *
The bat hits you.
* * * LOW HITPOINT WARNING * * *
You miss the bat.
The bat is heavily wounded.
The bat hits you but does no damage. You block the bat's attack.
You hit the bat.
The bat is severely wounded.
You block the bat's attack. x2
You closely miss the bat.
The bat is severely wounded.
The bat barely misses you. You block the bat's attack.
You slash the bat!
You kill the bat!
The jackal bites you.
* * * LOW HITPOINT WARNING * * *
You hit the jackal.
The jackal is heavily wounded.
The jackal bites you but does no damage. x2
You hit the jackal.
You kill the jackal!
The endoplasm freezes you.
You are frozen.
You die...

.....†...#####.....## #.###
...................# #.#..
.................#.# #.#.#
.................#.# #.#.#
.................#.# #...#
.#######.........#.##########+###
# #.........#.#....#.)......
#......####.#.##.#....)...
#.......J@.....#.#..⌠...⌠.
#######.###....#.#..(.....
#######+#......#.'....<...
#..............#.#........
#..............#.#..⌠...⌠.
#.............†'.#........ .
...............###[.......
...####.#.#......# #####+###
........).#......###........


You could see an endoplasm.

Vanquished Creatures
  3 ball pythons (D:1)
  A giant cockroach (D:1)
  A goblin (D:1)
  A hobgoblin (D:1)
  3 jackals (D:1)
  A quokka (D:1)
  3 bats (D:1)
  A frilled lizard (D:1)
  A kobold (D:1)
  2 rats (D:1)
17 creatures vanquished.

Notes
Turn   | Place    | Note
-------+----------+-------------------------------------------
     0 | D:1      | heikuro the Formicid Fighter began the quest for the Orb.
     0 | D:1      | Reached XP level 1. HP: 18/18 MP: 1/1
    38 | D:1      | Found Erawyon's Jewellery Shop.
   122 | D:1      | Reached XP level 2. HP: 18/23 MP: 2/2
   391 | D:1      | HP: 1/23 [jackal (2)]
   393 | D:1      | Frozen to death by an endoplasm

Illustrated notes

Levels and vault maps discovered:
D:1:      mushboom_english_gardens, layout_basic, serial_shops,
          nicolae_shop_window_shopping

Action                   || total
-------------------------++-------
Melee: Long sword        ||    59
 Abil: Dig               ||     1
Armor: Scale mail        ||    65
Dodge: Dodged            ||    50
Block: Buckler           ||    34

Table legend: (Time is in decaauts)
 A = Elapsed time spent in this place.
 B = Non-inter-level travel time spent in this place.
 C = Inter-level travel time spent in this place.
 D = Time resting spent in this place.
 E = Time spent auto-exploring this place.
 F = Levels seen in this place.
 G = Mean time per level.
                   A        B        C        D        E       F      G
               +--------+--------+--------+--------+--------+-----+--------+
         Total |    411 |    411 |      0 |     59 |    158 |   1 |  411.0 |
       Dungeon |    411 |    411 |      0 |     59 |    158 |   1 |  411.0 |
               +--------+--------+--------+--------+--------+-----+--------+

Top non-repeatable levels by time:
     D:1: 411 daAuts
